 Dungeon Sprint DCSS version 0.21-a0-352-g5b8f553 (webtiles) character file.

10998 Kidiri the Warrior (level 11, -2/171 HPs)
             Began as a White Draconian Berserker on Oct 10, 2017.
             Was a High Priest of Trog.
             Slain by a kraken (12 damage)
             ... in the Dungeon (Sprint III: "The Ten Rune Challenge").
             The game lasted 00:18:48 (3617 turns).

Kidiri the Warrior (White Draconian Berserker)      Turns: 3617, Time: 00:18:49

Health: -2/171     AC: 14    Str: 28    XL:     11   Next: 43%
Magic:  17/17      EV: 19    Int:  7    God:    Trog [*****.]
Gold:   38         SH:  0    Dex: 11    Spells: 10/10 levels left

rFire    . . .     SeeInvis .   F - +5 great mace (protect)
rCold    + . .     Gourm    .   (shield currently unavailable)
rNeg     . . .     Faith    .   (armour unavailable)
rPois    .         Spirit   .   (helmet restricted)
rElec    .         Reflect  .   (no cloak)
rCorr    .         Harm     .   (no gloves)
MR       .....     Clarity  +   (no boots) Stlth ..........NoTele +
                                (no amulet)
HPRegen  0.38/turn              (no ring)
MPRegen  0.15/turn              (no ring)

@: berserking, short of breath, protection aura, very quick
A: breathe frost, unfitting armour, fangs 1, blurry vision 1, clarity, cold
resistance 1, evolution 1, cold-blooded, AC +7
a: Breathe Frost, Berserk, Trog's Hand, Brothers in Arms, Burn Spellbooks,
Renounce Religion


You were in the Dungeon.
You worshipped Trog.
Trog was extremely pleased with you.
You were not hungry.

You visited 1 branch You collected 38 gold pieces.

Inventory:

Hand Weapons
 a - a +6 great mace of holy wrath
 b - a +5 antimagic dire flail
 F - a +5 great mace of protection (weapon)
Missiles
 h - 6 steel javelins
 i - 19 stones
 j - 7 needles of paralysis
 m - 7 needles of sleeping
 s - a javelin of returning
 v - 14 poisoned tomahawks
 w - 7 poisoned javelins
 x - 3 throwing nets (quivered)
 y - 3 needles of frenzy
 A - 8 exploding tomahawks
 B - 4 javelins of penetration
Wands
 u - a wand of acid (7/15)
Scrolls
 k - a scroll of torment {unknown}
 l - 5 scrolls of remove curse
 n - a scroll of immolation {unknown}
 o - a scroll of identify {unknown}
Potions
 c - a potion of curing
 d - a potion of heal wounds
 e - a potion of haste
 f - 2 potions of magic
 g - a potion of berserk rage
 q - a potion of lignification {unknown}
 r - 3 potions of mutation
 t - a potion of might
 E - a potion of agility {unknown}
Comestibles
 p - 25 royal jellies
 z - a chunk of flesh


   Skills:
 * Level 15.7 Fighting
 * Level 14.6 Maces & Flails
 + Level 9.8 Throwing
 * Level 13.6 Dodging
 + Level 8.2 Evocations


You had 10 spell levels left.
You didn't know any spells.

Dungeon Overview and Level Annotations

Branches:
Dungeon (1/1)

Altars:
Cheibriados
Dithmenos
Elyvilon
Fedhas
Gozag
Hepliaklqana
Kikubaaqudgha
Makhleb
Nemelex Xobeh
Okawaru
Qazlal
Ru
Sif Muna
Trog
Uskayaw
Vehumet
Wu Jian
Xom
Yredelemnul
Zin
The Shining One
Beogh
Jiyva
Lugonu

Annotations:
D exclusion: 7 doors


Innate Abilities, Weirdness & Mutations

You can breathe waves of freezing cold.
You can buffet flying creatures when you breathe cold.
Your icy white scales are hard. (AC +7)
You cannot fit into any form of body armour.
Your flesh is cold resistant. (rC+)
You are cold-blooded and may be slowed by cold attacks.
You have very sharp teeth.
Scrolls take you a little longer to read.
You possess an exceptional clarity of mind.
You evolve.


Message History

Your deep troll claws the kraken but does no damage.
The tentacle slaps you! The kraken bites you!!!
Unknown command.
You hit the kraken but do no damage.
The kraken is heavily wounded.
The tentacle slaps you!!
* * * LOW HITPOINT WARNING * * *
The tentacle misses you.
Your deep troll completely misses the kraken.
Your deep troll claws the kraken. x2; The kraken barely misses you.
You bludgeon the kraken!!
The kraken is heavily wounded.
The tentacle slaps you!
* * * LOW HITPOINT WARNING * * *
The tentacle slaps you!!
* * * LOW HITPOINT WARNING * * *
Your deep troll bites the kraken but does no damage.
Your deep troll claws the kraken but does no damage.
Your deep troll claws the kraken!
The kraken bites you!
You die...

▓##+####'#######♣
♣♣♣♣.##..##
▓...............♣♣
♣...##.##.#
▓#+#############'♣
♣♣.##.##.##+ ..
#≈.....÷.÷...♣
♣..#.##...# ▓.
.+≈≈...########♣♣
♣♣.##.##..# ▓
JJ#≈≈≈...........♣
♣♣.##.#####
..#≈≈≈≈..........♣
♣.....#
###########'############
▓T@w...... ▓wXP......
▓w≈w.P..P. ▓≈≈≈≈≈..≈≈
▓≈≈≈≈≈≈≈≈≈ ▓≈≈≈≈≈≈≈≈≈
▓≈≈≈≈≈≈≈≈≈ ▓≈≈≈≈≈≈≈≈t


You could see a kraken, a snapping turtle, 4 tentacles and a friendly deep troll
(berserk).

Vanquished Creatures
  Rupert (D)
  A lindwurm (D)
  2 black mambas (D)
  2 spiny frogs (D)
  A rime drake (D)
  A two-headed ogre (D)
  A komodo dragon (D)
  3 wandering mushrooms (D)
  7 blink frogs (D)
  A shadow (D)
  5 redbacks (D)
  A spatial vortex (D)
  A swamp drake (D)
  A necrophage (D)
  A water elemental (D)
  A scorpion (D)
  11 killer bees (D)
  A jelly (D)
  A wizard (D)
  Jessica (D)
  A necromancer (D)
  A human (D)
  A kobold demonologist (D)
  An ooze (D)
  2 rats (D)
  3 plants (D)
53 creatures vanquished.

Vanquished Creatures (collateral kills)
  Erolcha (D)
  4 death yaks (D)
  Urug (D)
  A deep elf mage (D)
  A queen bee (D)
  A blink frog (D)
  2 tyrant leeches (D)
  2 humans (D)
  4 two-headed ogres (D)
  21 killer bees (D)
38 creatures vanquished.

Vanquished Creatures (others)
  2 draconian scorchers (D)
  A hydra (D)
  An ice dragon (D)
  6 hellions (D)
  2 yaktaurs (D)
  11 plants (D)
23 creatures vanquished.

Grand Total: 114 creatures vanquished

Notes
Turn   | Place    | Note
-------+----------+-------------------------------------------
     0 | D        | Kidiri the Draconian Berserker began the quest for the Orb.
     0 | D        | Reached XP level 1. HP: 19/19 MP: 1/1
    25 | D        | Reached ** piety under Trog
    52 | D        | Noticed Jessica
    62 | D        | Killed Jessica
    62 | D        | Reached skill level 4 in Fighting
    62 | D        | Reached skill level 1 in Throwing
    62 | D        | Reached XP level 2. HP: 28/28 MP: 2/2
    62 | D        | Reached XP level 3. HP: 35/35 MP: 3/3
    89 | D        | Reached skill level 5 in Fighting
    90 | D        | Noticed a scorpion
    94 | D        | Killed a scorpion
    94 | D        | Reached *** piety under Trog
    94 | D        | Reached skill level 6 in Fighting
    94 | D        | Reached skill level 5 in Maces & Flails
    94 | D        | Reached skill level 5 in Dodging
    94 | D        | Reached XP level 4. HP: 44/44 MP: 4/4
    97 | D        | Killed a hellion
    98 | D        | Killed a hellion
    98 | D        | Killed a hellion
    98 | D        | Killed a hellion
   129 | D        | Gained mutation: You are dopey. (Int -2) [potion of mutation]
   129 | D        | Gained mutation: Your tail ends in a poisonous barb. [potion of mutation]
   130 | D        | Lost mutation: You are dopey. (Int -2) [potion of mutation]
   130 | D        | Lost mutation: Your tail ends in a poisonous barb. [potion of mutation]
   130 | D        | Gained mutation: Your spells are a little easier to cast, but a little less powerful. [potion of mutation]
   130 | D        | Gained mutation: You are covered in fur. (AC +1) [potion of mutation]
   130 | D        | Gained mutation: Your tail ends in a poisonous barb. [potion of mutation]
   131 | D        | Lost mutation: Your tail ends in a poisonous barb. [potion of mutation]
   131 | D        | Lost mutation: Your spells are a little easier to cast, but a little less powerful. [potion of mutation]
   131 | D        | Lost mutation: You are covered in fur. (AC +1) [potion of mutation]
   131 | D        | Gained mutation: You evolve. [potion of mutation]
   131 | D        | Gained mutation: You rapidly evolve. [potion of mutation]
   143 | D        | Noticed a water elemental
   149 | D        | Killed a white draconian scorcher
   150 | D        | Killed a water elemental
   150 | D        | Reached XP level 5. HP: 51/51 MP: 5/5
   163 | D        | Killed a hellion
   189 | D        | Killed a hellion
   189 | D        | Killed a white draconian scorcher
   195 | D        | Killed a six-headed hydra
   201 | D        | Found a radiant altar of Vehumet.
   201 | D        | Found a deep blue altar of Sif Muna.
   201 | D        | Found an ancient bone altar of Kikubaaqudgha.
   202 | D        | Received a gift from Trog
   208 | D        | Reached **** piety under Trog
   208 | D        | Reached skill level 7 in Fighting
   239 | D        | Killed an ice dragon
   252 | D        | Found a glowing silver altar of Zin.
   253 | D        | Found a glowing golden altar of the Shining One.
   253 | D        | Found a white marble altar of Elyvilon.
   253 | D        | Noticed a deep elf mage
   257 | D        | Killed a deep elf mage
   257 | D        | Reached skill level 9 in Fighting
   257 | D        | Reached XP level 6. HP: 63/63 MP: 6/6
   270 | D        | Found an ornate altar of the Wu Jian Council.
   270 | D        | Found a roughly hewn altar of Beogh.
   270 | D        | Found an iron altar of Okawaru.
   270 | D        | Found a bloodstained altar of Trog.
   270 | D        | Found a hide-covered altar of Uskayaw.
   270 | D        | Noticed a human
   271 | D        | Killed a human
   271 | D        | Reached skill level 5 in Throwing
   271 | D        | Your scales start taking on an icy white colour.
   271 | D        | Reached XP level 7. HP: 70/70 MP: 7/7
   271 | D        | Gained mutation: Your flesh is cold resistant. (rC+) [White Draconian growth]
   272 | D        | Noticed a human
   276 | D        | Killed a human
   320 | D        | Killed a yaktaur
   338 | D        | Found a basalt altar of Yredelemnul.
   338 | D        | Found a shadowy altar of Dithmenos.
   338 | D        | Found a sacrificial altar of Ru.
   347 | D        | Reached ***** piety under Trog
   347 | D        | Reached skill level 10 in Fighting
   454 | D        | Noticed a shadow
   459 | D        | Killed a shadow
   459 | D        | Received a gift from Trog
   527 | D        | Found a blossoming altar of Fedhas.
   527 | D        | Found a stormy altar of Qazlal.
   527 | D        | Found a snail-covered altar of Cheibriados.
   527 | D        | Found a burning altar of Makhleb.
   527 | D        | Found a shimmering altar of Xom.
   527 | D        | Noticed a spatial vortex
   528 | D        | Found a hazy altar of Hepliaklqana.
   528 | D        | Found an opulent altar of Gozag.
   528 | D        | Found a sparkling altar of Nemelex Xobeh.
   528 | D        | Found a corrupted altar of Lugonu.
   528 | D        | Found a viscous altar of Jiyva.
   541 | D        | Killed a spatial vortex
   556 | D        | Reached XP level 8. HP: 53/80 MP: 8/8
   557 | D        | Reached skill level 10 in Maces & Flails
   559 | D        | Received a gift from Trog
   580 | D        | Noticed a two-headed ogre
   582 | D        | Killed a two-headed ogre
   582 | D        | Reached skill level 11 in Fighting
   582 | D        | Reached skill level 1 in Evocations
   593 | D        | Noticed Erolcha
   594 | D        | Noticed a two-headed ogre
   599 | D        | Killed Erolcha
   605 | D        | Killed a two-headed ogre
   605 | D        | Reached skill level 10 in Dodging
   776 | D        | Received a gift from Trog
   776 | D        | Reached XP level 9. HP: 85/89 MP: 11/11
   784 | D        | Reached skill level 12 in Fighting
   889 | D        | Gained mutation: You have very sharp teeth. [evolution]
   889 | D        | Lost mutation: You rapidly evolve. [decline of evolution]
  1042 | D        | Noticed a queen bee
  1046 | D        | Killed a queen bee
  1049 | D        | Received a gift from Trog
  1060 | D        | Reached ****** piety under Trog
  1068 | D        | Received a gift from Trog
  1076 | D        | Received a gift from Trog
  1623 | D        | Noticed a wandering mushroom
  1630 | D        | Killed a wandering mushroom
  1630 | D        | Reached skill level 13 in Fighting
  1630 | D        | Reached skill level 5 in Evocations
  1631 | D        | Noticed a wandering mushroom
  1633 | D        | Noticed a wandering mushroom
  1639 | D        | Killed a wandering mushroom
  1639 | D        | Received a gift from Trog
  1661 | D        | Killed a wandering mushroom
  1714 | D        | Noticed a spiny frog
  1714 | D        | Noticed a komodo dragon
  1714 | D        | Noticed a spiny frog
  1717 | D        | Killed a spiny frog
  1717 | D        | Reached XP level 10. HP: 100/100 MP: 14/14
  1718 | D        | Killed a spiny frog
  1786 | D        | Received a gift from Trog
  2001 | D        | Gained mutation: You possess an exceptional clarity of mind. [evolution]
  2157 | D        | Noticed a lindwurm
  2162 | D        | Killed a lindwurm
  2162 | D        | Reached skill level 14 in Fighting
  2165 | D        | Received a gift from Trog
  2290 | D        | Received a gift from Trog
  2293 | D        | Noticed Urug
  2303 | D        | Killed Urug
  3058 | D        | Noticed Rupert
  3063 | D        | Killed Rupert
  3063 | D        | Reached skill level 15 in Fighting
  3063 | D        | Reached XP level 11. HP: 111/111 MP: 16/16
  3150 | D        | Noticed a death yak
  3151 | D        | Noticed a death yak
  3156 | D        | Killed a death yak
  3156 | D        | Received a gift from Trog
  3158 | D        | Noticed a death yak
  3160 | D        | Noticed a death yak
  3160 | D        | Killed a death yak
  3166 | D        | Killed a death yak
  3169 | D        | Killed a death yak
  3169 | D        | Received a gift from Trog
  3326 | D        | Gained mutation: Scrolls take you a little longer to read. [evolution]
  3491 | D        | Received a gift from Trog
  3586 | D        | Noticed an azure jelly
  3586 | D        | Noticed an azure jelly
  3608 | D        | Noticed a kraken
  3617 | D        | Slain by a kraken

Vault maps used:
D:        dungeon_sprint_mu

Skill      XL: |  1  2  3  4  5  6  7  8  9 10 11 |
---------------+----------------------------------+-----
Dodging        | 4 5 7 9 10 11 13 | 13.6
Fighting       | 4 6 9 10 11 13 15 | 15.7
Maces & Flails | 4 5 6 8 9 11 12 14 | 14.6
Throwing       | 1 2 3 4 5 6 7 8 9 |  9.8
Evocations     | 3 5 7 8 |  8.2

Action                   |  1- 3 |  4- 6 |  7- 9 | 10-12 || total
-------------------------+-------+-------+-------+-------++-------
Melee: Mace              |    16 |    11 |    20 |       ||    47
       Tailslap          |     2 |     3 |     6 |     7 ||    18
       Dire flail        |       |       |    26 |       ||    26
       Great mace        |       |       |    26 |    74 ||   100
       Bite              |       |       |     2 |     6 ||     8
Throw: Stone             |     8 |     2 |    20 |       ||    30
       Javelin           |       |       |     8 |       ||     8
       Tomahawk          |       |       |     8 |       ||     8
       Throwing net      |       |       |       |     2 ||     2
Invok: Berserk           |     1 |     2 |     3 |     4 ||    10
       Brothers in Arms  |       |     1 |     4 |     6 ||    11
       Burn Spellbooks   |       |     1 |       |       ||     1
 Abil: Breathe Frost     |       |       |     8 |    10 ||    18
  Use: Potion            |       |     3 |       |     1 ||     4
       Scroll            |       |       |       |     1 ||     1
 Stab: Sleeping          |     1 |       |       |     1 ||     2
  Eat: Chunk             |       |       |     6 |     7 ||    13
       Fruit             |       |       |     3 |       ||     3
       Royal jelly       |       |       |     1 |       ||     1
       Meat ration       |       |       |       |     1 ||     1
       Bread ration      |       |       |       |     1 ||     1
Armor: Skin              |       |     3 |    11 |    15 ||    29
Dodge: Dodged            |     7 |     4 |    54 |    55 ||   120

Table legend:
 A = Spawn XP
 B = Non-spawn XP
 C = Spawn XP percentage of total XP
 D = Spawn monster count
 E = Non-spawn monster count
 F = Spawn count percentage of total count
 G = Total turns spent on level
                    A         B        C        D         E        F      G
               +---------+---------+-------+---------+---------+-------+---------
         Total |       0 |   15712 |   0.0 |       0 |      88 |   0.0 |  3617
               +---------+---------+-------+---------+---------+-------+---------
             D |       0 |   15712 |   0.0 |       0 |      88 |   0.0 |  3617
               +---------+---------+-------+---------+---------+-------+---------
